 Dungeon Crawl Stone Soup version 0.29.1-15-g9cfb28693d (webtiles) character file.

Game seed: 2956381445718660314

425589 unlimited1921 the Sorcerer (level 24, 0/149 HPs)
             Began as a Djinni Fire Elementalist on Apr 10, 2023.
             Was the Champion of Ashenzari.
             Killed by divine providence
             ... invoked by a royal mummy
              (12 damage)
             ... on level 2 of the Tomb of the Ancients on Apr 20, 2023.
             The game lasted 10:57:38 (69375 turns).

unlimited1921 the Sorcerer (DjFE)                  Turns: 69375, Time: 10:57:38

Health: 0/149      AC: 18    Str:  3 (5)  XL:     24   Next: 96%
Gold:   3143       EV: 30    Int: 22 (23) God:    Ashenzari [******] SH: 24 Dex: 20

rFire   + + +      SeeInvis +   W - +3 spear of Ashenzari's Soothsayer {vamp, Cun, Melee} (curse)
rCold   x x x      Faith    .   R - +5 kite shield of the Chained Heresy {Self, Fort} (curse)
rNeg    . . .      Spirit   .   r - +3 salamander hide armour {Flames rF++ rC--, Fort, Self} (curse)
rPois   ∞          Reflect  .   A - +2 hat "Cursed Existentialism" {Fort, Self} (curse)
rElec   .          Harm     .   C - +2 cloak "Enlightened Sybil" {Cun, Melee} (curse)
rCorr   +          Rampage  .   l - +0 pair of gloves "Cursed Together" {Will+ rCorr, Evo, Fort} (curse)
Will    +++..      Clarity  +   (boots unavailable)
Stlth   ++++++....              q - amulet of Supernal Wisdom {Regen+, Range, Fort} (curse)
HPRegen 1.14/turn               k - ring of the Mantic Optimism {Slay+4, Melee, Cun} (curse)
MPRegen 0.00/turn               u - ring "Prophetic Anxiety" {EV+4, Self, Fort} (curse)

@: flying, studying 2 skills
A: sickness immunity, fire resistance 2, cold vulnerability 1, float, innate
caster, HP casting, extra vitality 1, iridescent scales 1, screaming 1, weak 1,
evolution 1
}: 2/15 runes: barnacled, silver
a: Renounce Religion, Shatter the Chains


You were on level 2 of the Tomb of the Ancients.
You worshipped Ashenzari.
Ashenzari was exalted by your worship.
You visited 8 branches of the dungeon, and saw 34 of its levels.

You collected 4596 gold pieces.
You spent 1453 gold pieces at shops.

Inventory:

Hand Weapons
 c - the +8 demon blade of Invincibility {venom, +Blink Fly Int+7}
   (You found it on level 5 of the Vaults)

   It poisons the flesh of those it strikes.
   Int:       It affects your intelligence (+7).
   Fly:       It grants you flight.
   +Blink:    It lets you blink.
 h - the +4 war axe of the Pillar {freeze, rElec Int+7}
   (You found it on level 11 of the Dungeon)

   It freezes those it strikes, dealing additional cold damage.
   It can also slow down cold-blooded creatures.
   Int:       It affects your intelligence (+7).
   rElec:     It insulates you from electricity.
 J - the +6 short sword "Odorooc" {vorpal, Fragile Str+5 Int+6}
   (You took it off a merfolk on level 4 of the Shoals)

   It inflicts extra damage upon your enemies.
   Str:       It affects your strength (+5).
   Int:       It affects your intelligence (+6).
   Fragile:   It will be destroyed if unequipped.
 M - a +1 trident of holy wrath
 W - the cursed +3 spear of Ashenzari's Soothsayer (weapon) {vamp, Cun, Melee}
   (You took it off a gnoll sergeant on level 7 of the Dungeon)

   It occasionally heals its wielder for a portion of the damage dealt when it
   wounds a living foe.
   It has a curse which improves the following skills: Cunning: Dodging and
   Stealth.
   Melee Combat: Short Blades, Long Blades, Axes, Maces & Flails, Polearms,
   Staves and Unarmed Combat.
Armour
 l - the cursed +0 pair of gloves "Cursed Together" (worn) {Will+ rCorr, Evo, Fort}
   (You acquired it on level 11 of the Dungeon)

   rCorr:     It protects you from acid and corrosion.
   Will:      It increases your willpower.
   It has a curse which improves the following skills: Evocations: Evocations.
   Fortitude: Armour and Shields.
 r - the cursed +3 salamander hide armour (worn) {Flames rF++ rC--, Fort, Self}
   (You found it on level 3 of the Dungeon)

   It surrounds you with a cloud of flames.
   It grants immunity to clouds of flame.
   It enhances your fire magic.
   rF:        It greatly protects you from fire.
   rC:        It makes you very vulnerable to cold.
   It has a curse which improves the following skills: Fortitude: Armour and
   Shields.
   Introspection: Fighting and Spellcasting.
 A - the cursed +2 hat "Cursed Existentialism" (worn) {Fort, Self}
   (You bought it in a shop on level 12 of the Dungeon)

   It has a curse which improves the following skills: Fortitude: Armour and
   Shields.
   Introspection: Fighting and Spellcasting.
 C - the cursed +2 cloak "Enlightened Sybil" (worn) {Cun, Melee}
   (You took it off Crazy Yiuf on level 4 of the Dungeon)

   It has a curse which improves the following skills: Cunning: Dodging and
   Stealth.
   Melee Combat: Short Blades, Long Blades, Axes, Maces & Flails, Polearms,
   Staves and Unarmed Combat.
 Q - a +0 tower shield
 R - the cursed +5 kite shield of the Chained Heresy (worn) {Self, Fort}
   (You took it off a gnoll sergeant on level 7 of the Dungeon)

   It has a curse which improves the following skills: Introspection: Fighting
   and Spellcasting.
   Fortitude: Armour and Shields.
Jewellery
 k - the cursed ring of the Mantic Optimism (left hand) {Slay+4, Melee, Cun}
   (You found it on level 2 of the Dungeon)

   [ring of slaying]

   Slay:      It affects your accuracy & damage with ranged weapons and melee
   (+4).
   It has a curse which improves the following skills: Melee Combat: Short
   Blades, Long Blades, Axes, Maces & Flails, Polearms, Staves and Unarmed
   Combat.
   Cunning:   Dodging and Stealth.
 n - a ring of positive energy
 q - the cursed amulet of Supernal Wisdom (around neck) {Regen+, Range, Fort}
   (You found it on level 4 of the Lair of Beasts)

   [amulet of regeneration]

   Regen:     It increases your rate of health regeneration.
   It has a curse which improves the following skills: Ranged Combat: Ranged
   Weapons and Throwing.
   Fortitude: Armour and Shields.
 u - the cursed ring "Prophetic Anxiety" (right hand) {EV+4, Self, Fort}
   (You found it on level 10 of the Dungeon)

   [ring of evasion]

   EV:        It affects your evasion (+4).
   It has a curse which improves the following skills: Introspection: Fighting
   and Spellcasting.
   Fortitude: Armour and Shields.
 x - a ring of protection from cold
 z - a +6 ring of strength
 I - an amulet of reflection
Wands
 a - a wand of mindburst (19)
 F - a wand of charming (2)
 S - a wand of acid (34)
 U - a wand of digging (9)
 V - a wand of polymorph (24)
 Y - a wand of roots (34)
Scrolls
 i - 6 scrolls of enchant armour
 j - 5 scrolls of magic mapping
 p - 8 scrolls of teleportation
 t - 5 scrolls of poison
 w - a scroll of acquirement
 B - a scroll of summoning
 E - 9 scrolls of enchant weapon
 H - a scroll of brand weapon
 P - 4 scrolls of fog
 Z - 2 scrolls of fear
Potions
 d - 10 potions of might
 e - 5 potions of mutation
 f - 11 potions of curing
 g - 2 potions of resistance
 o - 6 potions of brilliance
 s - 10 potions of lignification
 D - 4 potions of cancellation
 G - 3 potions of haste
 K - 3 potions of berserk rage
 X - 2 potions of invisibility
Miscellaneous
 m - a lightning rod (4/4)
 v - a phantom mirror (quivered)
 O - a phial of floods


   Skills:
 * Level 11.1(17.3) Fighting
 - Level 2.5(6.4) Polearms
 * Level 11.9(20.0) Armour
 * Level 18.3(23.1) Dodging
 * Level 10.1(15.2) Stealth
 * Level 18.9(26.8) Shields
 + Level 1.9(5.4) Unarmed Combat
 - Level 23.0(27) Spellcasting
 * Level 6.6(9.3) Evocations


You had 12 spell levels left.
You knew the following spells:

 Your Spells              Type           Power      Damage    Failure   Level
a - Foxfire               Conj/Fire      100%       2x1d9     0%          1
b - Scorch                Fire           100%       2d10      0%          2
c - Conjure Flame         Conj/Fire      100%       6-21      0%          3
d - Inner Flame           Hex/Fire       100%       N/A       0%          3
e - Flame Wave            Conj/Fire      100%       2d21      0%          4
f - Shock                 Conj/Air       100%       1d9       0%          1
g - Ensorcelled Hibernat  Hex/Ice        100%       N/A       0%          2
h - Call Imp              Summ           99%        N/A       0%          2
i - Summon Guardian Gole  Hex/Summ       99%        N/A       0%          3
j - Freezing Cloud        Conj/Ice/Air   49%        6-21      0%          5
k - Lightning Bolt        Conj/Air       49%        1d70      0%          5
l - Dispersal             Tloc           49%        N/A       0%          6
m - Starburst             Conj/Fire      61%        6d16      0%          6
n - Dragon Form           Tmut           49%        N/A       1%          7
o - Borgnjor's Revivific  Necr           49%        N/A       1%          8
p - Malign Gateway        Summ/Tloc      49%        N/A       1%          7
Your spell library was empty.

Dungeon Overview and Level Annotations

Branches:
Dungeon (13/15)            Temple (1/1) D:5            Lair (5/5) D:9
 Shoals (4/4) Lair:2        Snake (0/4) Lair:3        Slime (1/5) Lair:5
    Orc (0/2) D:11         Vaults (5/5) D:13          Crypt (3/3) Vaults:3
   Tomb (2/3) Crypt:3

Altars:
Ashenzari
Cheibriados
Dithmenos
Elyvilon
Fedhas
Gozag
Hepliaklqana
Makhleb
Nemelex Xobeh
Okawaru
Qazlal
Ru
Trog
Uskayaw
Wu Jian
Xom
Yredelemnul
Zin
The Shining One
Jiyva

Shops:
D:11 [   D:12 ([**   Vaults:2 =

Annotations:
D:13 3 runed translucent doors, rabin's ghost, journeyman TrBe


Innate Abilities, Weirdness & Mutations

You are immune to sickness and miasma.
You are immune to poison.
Your flesh is very heat resistant. (rF++)
You are vulnerable to cold. (rC-)
You float through the air rather than walking.
You learn spells naturally, not from books.
Your magical power is your life essence.
You have superior vitality. (+4 MHP)
You are partially covered in iridescent scales. (AC +2)
You occasionally shout uncontrollably at your foes.
You are weak. (Str -2)
You have hidden genetic potential.


Message History

You hear a hideous shriek! x2; You hear a faint skittering sound.
The death scarab is engulfed in freezing vapours.
Your eldritch tentacle slaps the royal mummy but does no damage.
Your eldritch tentacle claws the royal mummy!!
Your eldritch tentacle shocks the royal mummy!
The royal mummy resists.
Your eldritch tentacle barely misses the royal mummy.
Your eldritch tentacle claws the royal mummy!!!
The royal mummy is destroyed!
The death scarab disappears in a puff of smoke!
You feel extremely nervous for a moment...
Your body is wracked with pain!
* * * LOW HITPOINT WARNING * * *
Casting: Lightning Bolt (safe; 0% risk of failure)
Confirm with . or Enter, or press ? or * to list all spells.
Aiming: Freezing Cloud (safe; 0% risk of failure)
Press: ? - help, Dir - move target
* * * LOW HITPOINT WARNING * * *
The mummy priest is engulfed in freezing vapours.
The mummy priest fails to trigger a net trap.
A mummy comes into view.
A mummy priest comes into view.
The mummy priest is engulfed in freezing vapours.
Things that are here:
a +0 war axe; 16 gold pieces
Casting: Freezing Cloud (safe; 0% risk of failure)
Confirm with . or Enter, or press ? or * to list all spells.
A guardian golem appears, shielding your allies.
* * * LOW HITPOINT WARNING * * *
An ushabti comes into view.
The mummy priest is engulfed in freezing vapours.
The royal mummy is engulfed in freezing vapours.
Your eldritch tentacle slaps the mummy priest!!
The mummy priest is destroyed!
You feel extremely nervous for a moment...
Your body is wracked with pain!
* * * LOW HITPOINT WARNING * * *
The royal mummy is engulfed in freezing vapours.
The royal mummy gestures at you while chanting.
Something smites you!
You die...

,,,,#....{{####........,
#...$..{.§§.{.....^,
#..^.....§M........ ,
,{#########M#########*
,∆,.M#....─w§§#{{.M.{,{,
,,,..#.../.§.§#{{..{{ ,,
*,,,.9#..*†..☼§#{ {,,,,
, ,..#.9☼°°...#,, , {,
*, ^.M#§@§☼.(..#{, ,, ,
, * *############* * *
############
▓▓▓▓▓▓▓▓▓▓▓▓
▓▓▓▓▓▓▓▓▓▓▓▓


You could see a royal mummy (ally target), 2 mummy priests, an ushabti
(wandering), a mummy (wandering), a friendly eldritch tentacle (sheltered) and a
friendly guardian golem (summoned).

Vanquished Creatures
  A dread lich (Vaults:5)
  Mara (Shoals:4)
  2 royal mummies
  A golden dragon (Vaults:5)
  A bone dragon (Crypt:3)
  Mlioglotl (Shoals:3)
  3 tentacled monstrosities
  Rupert (Lair:5)
  3 titans (Vaults:5)
  9 liches
  10 sphinxes
  11 ancient champions
  A kraken (Shoals:2)
  Kirke (Shoals:4)
  3 shadow dragons (Vaults:5)
  6 tengu reavers
  7 revenants
  2 fire giants (Vaults:5)
  5 storm dragons
  2 deep elf sorcerers (Vaults:5)
  4 frost giants
  3 iron dragons (Vaults:5)
  An orc warlord (Vaults:4)
  5 ghouls
  13 vault wardens
  2 curse skulls (Crypt:2)
  The ghost of bmack86 the Severer, a journeyman MiFi of Okawaru (Lair:5)
  23 ironbound preservers
  3 caustic shrike skeletons
  A quicksilver ooze (shapeshifter) (Vaults:5)
  7 ironbound thunderhulks
  4 stone giants
  A war gargoyle (Vaults:4)
  2 very ugly things (Vaults:5)
  2 deep elf demonologists (Vaults:5)
  A vampire knight (Crypt:2)
  9 dire elephants
  3 deep elf annihilators (Vaults:5)
  The ghost of Seidenschwarz the Impaler, a journeyman MiFi of Okawaru (Lair:2)
  8 mummy priests
  3 merfolk javelineers (Shoals:4)
  10 jiangshi
  3 ettins
  19 merfolk impalers
  5 eidola
  5 deep elf death magi
  3 deep elf high priests
  4 great orbs of eyes
  A spriggan zombie (Crypt:1)
  31 vault guards
  13 yaktaur captains
  Josephine (Lair:3)
  5 catoblepae
  A merfolk avatar (Shoals:4)
  2 peacekeepers
  4 ogre magi
  13 hydras
  2 spriggan skeletons (Crypt:3)
  3 boulder beetles
  9 centaur warriors
  8 two-headed ogres
  8 ironbound frosthearts
  2 alligator snapping turtles
  2 satyrs
  A fenstrider witch skeleton (Crypt:2)
  4 death knights
  2 merfolk aquamancers (Shoals:4)
  2 deep troll earth magi (Vaults:5)
  A deep troll shaman (Lair:5)
  A titan zombie (Crypt:3)
  5 death scarabs (Tomb:1)
  A tengu warrior (D:13)
  A hell knight (Vaults:5)
  6 vampire magi
  12 death yaks
  Nergalle (D:10)
  A deep elf knight (Vaults:5)
  Urug (D:13)
  Sonja (Lair:3)
  A soul eater (Crypt:2)
  Amaemon (D:8)
  A titan skeleton (Crypt:3)
  60 skeletal warriors
  5 shadow wraiths
  The ghost of BuddhaDhamma the Severer, a novice MiBe of Trog (D:7)
  66 deep trolls
  An iron giant zombie (Crypt:3)
  5 flayed ghosts
  10 sea snakes
  An anaconda zombie (Crypt:3)
  2 glowing orange brains
  3 bunyip skeletons (Crypt:3)
  2 deep elf archers
  17 ironbound convokers
  A tengu zombie (Crypt:1)
  6 wizards
  2 spriggan simulacra
  10 lindwurms
  An anaconda skeleton (Tomb:1)
  3 orc knights
  A deep elf pyromancer (D:7)
  10 phantasmal warriors
  7 necromancers
  A wolf spider (Vaults:5)
  15 fauns
  24 harpies
  11 ugly things
  A manticore (shapeshifter) (Vaults:3)
  A sphinx skeleton (Crypt:3)
  A fire giant zombie (Crypt:1)
  A shadow dragon skeleton (Crypt:3)
  6 cyclopes
  9 manticores
  2 centaur zombies
  An elephant (shapeshifter) (Vaults:5)
  6 merfolk sirens
  12 water nymphs
  A guardian serpent (shapeshifter) (Vaults:5)
  A black mamba (shapeshifter) (D:9)
  A torpor snail (Lair:4)
  3 black mambas
  Joseph (D:10)
  15 elephants
  A naga zombie (Crypt:1)
  3 gargoyles
  6 cane toads
  A centaur skeleton (Crypt:3)
  4 dire elephant skeletons (Crypt:3)
  19 vault sentinels
  An orange demon (D:8)
  A pale draconian zombie (Crypt:3)
  A naga skeleton (Crypt:3)
  2 unseen horrors (shapeshifter)
  Maggie (Lair:1)
  A purple draconian zombie (Crypt:2)
  A kobold demonologist (D:9)
  An efreet (D:11)
  4 freezing wraiths
  11 guardian mummies
  A purple draconian skeleton (Crypt:2)
  6 rime drakes
  16 yaktaurs
  12 komodo dragons
  A death yak skeleton (Crypt:1)
  3 trolls
  4 polar bears
  33 merfolk
  2 hornets (D:9)
  11 wind drakes
  Prince Ribbit (D:7)
  2 harpy skeletons (Crypt:3)
  2 death drake skeletons (Crypt:3)
  26 slime creatures
  14 blink frogs
  7 snapping turtles
  A dream sheep (shapeshifter) (Vaults:5)
  An air elemental (Shoals:4)
  14 dream sheep
  18 flying skulls
  14 water elementals (Shoals:4)
  A black mamba zombie (Crypt:1)
  A centaur simulacrum (D:13)
  44 yaks
  A shadow (D:7)
  10 wraiths
  2 ice dragon skeletons (Crypt:1)
  4 fire bats (D:11)
  5 wyverns
  3 humans (Shoals:4)
  An ushabti (Tomb:2)
  4 basilisks
  13 vampire mosquitoes
  2 steam dragons
  3 nagas (Lair:3)
  A hell hound (D:11)
  3 acid dragons
  18 water moccasins
  An ice beast (D:5)
  2 sky beasts (D:7)
  10 orc warriors
  5 black bears
  An ettin simulacrum (Crypt:2)
  4 ogres
  An elephant skeleton (Crypt:3)
  3 wolves (Lair:5)
  A phantom (D:6)
  7 centaurs
  4 boggarts (Vaults:1)
  A snapping turtle skeleton (Crypt:3)
  A fire crab zombie (Crypt:3)
  2 rime drake skeletons
  16 bullfrogs
  3 gnoll sergeants
  A necrophage (Crypt:1)
  3 scorpions
  A shapeshifter zombie (Crypt:2)
  8 wights (D:9)
  14 killer bees
  2 electric eels
  9 howler monkeys
  2 lava snakes (D:11)
  A bullfrog zombie (Crypt:1)
  A basilisk zombie (Crypt:1)
  3 gnoll boudas
  5 jellies
  Crazy Yiuf (D:4)
  3 orc priests
  4 hounds
  A human skeleton (Crypt:2)
  An iguana (D:6)
  Natasha (thrice) (D:3)
  4 orc wizards
  5 hell rats
  2 acid dragon skeletons
  A hound zombie (Crypt:2)
  19 mummies
  16 gnolls
  A swamp drake zombie (Crypt:2)
  5 adders
  A shadow imp (D:7)
  A swamp drake skeleton (Crypt:2)
  3 white imps
  An ufetubus (D:4)
  A worm zombie (Crypt:2)
  A worm (D:4)
  34 orcs
  4 ball pythons
  9 endoplasms
  3 giant cockroaches
  17 goblins
  13 hobgoblins
  5 quokkas
  4 bats
  3 frilled lizards
  A goblin zombie (D:4)
  5 hobgoblin zombies (D:4)
  4 kobolds
  2 kobold skeletons
  A kobold zombie (D:4)
  An orc zombie (D:4)
  5 rats
  6 bushes
  3 fire vortices (D:11)
  2 starspawn tentacles (Shoals:3)
1363 creatures vanquished.

Vanquished Creatures (collateral kills)
  An ancient lich (Crypt:3)
  A royal mummy (Tomb:2)
  Boris (Tomb:1)
  2 bone dragons (Crypt:3)
  A shard shrike zombie (Crypt:3)
  An acid blob (Slime:1)
  An ironbound preserver (Vaults:3)
  A vampire knight (Crypt:1)
  An eidolon (Crypt:3)
  4 mummy priests
  2 death scarabs (Tomb:2)
  A soul eater (Crypt:3)
  2 skeletal warriors (Crypt:3)
  A shadow wraith (Crypt:3)
  A bunyip zombie (Crypt:3)
  2 bog bodies (Crypt:1)
  A phantasmal warrior (Crypt:2)
  A dire elephant skeleton (Crypt:1)
  A red draconian skeleton (Crypt:3)
  A guardian mummy (Tomb:2)
  A fire dragon zombie (Crypt:2)
  2 flying skulls (Crypt:3)
  An ushabti (Tomb:2)
  A bullfrog (Lair:2)
  An orc skeleton (Crypt:3)
33 creatures vanquished.

Vanquished Creatures (others)
  A tentacled monstrosity (Vaults:4)
  20 eldritch tentacles
  A shadow dragon (Vaults:4)
  A dire elephant (Lair:2)
  A merfolk javelineer (Shoals:4)
  A merfolk impaler (Shoals:4)
  A vault guard (Vaults:4)
  A boulder beetle (D:7)
  2 death yaks (Lair:3)
  A skeletal warrior (Crypt:2)
  The ghost of croobank the Covert, a novice OpDe (D:9)
  2 deep trolls (Vaults:4)
  An ironbound convoker (Vaults:3)
  2 harpies
  A faun (Shoals:1)
  2 manticores
  An elephant (Lair:2)
  3 merfolk
  A troll (D:7)
  A snapping turtle (Shoals:4)
  A flying skull (Tomb:2)
  4 humans (Shoals:4)
  A necrophage (Crypt:1)
  A white imp (D:7)
  2 bushes
  714 foxfires
  166 fungi
  423 plants
  4 tentacles (Shoals:2)
  12 toadstools
1373 creatures vanquished.

Grand Total: 2769 creatures vanquished

Notes
Turn   | Place    | Note
-------+----------+-------------------------------------------
     0 | D:1      | unlimited1921 the Djinni Fire Elementalist began the quest
                  | for the Orb.
     0 | D:1      | unlimited1921 set off with the following spells memorised:
                  | Foxfire, Scorch, Conjure Flame, Inner Flame, Flame Wave.
     0 | D:1      | Reached XP level 1. HP: 15/15 MP: 0/0
   450 | D:1      | Reached XP level 2. HP: 10/21 MP: 0/0
   810 | D:1      | Reached skill level 3 in Spellcasting
   815 | D:1      | Reached XP level 3. HP: 17/25 MP: 0/0
   815 | D:1      | Learned a level 1 spell: Shock
  2264 | D:2      | Found a stormy altar of Qazlal.
  2271 | D:2      | Found a faded altar of an unknown god.
  4760 | D:3      | Noticed Natasha
  4768 | D:3      | Killed Natasha
  4769 | D:3      | Reached XP level 4. HP: 16/31 MP: 0/0
  5162 | D:3      | Noticed Natasha
  5168 | D:3      | Killed Natasha
  5169 | D:3      | Reached XP level 5. HP: 26/35 MP: 0/0
  5169 | D:3      | Learned a level 2 spell: Ensorcelled Hibernation
  5178 | D:3      | Noticed Natasha
  5182 | D:3      | Killed Natasha
  5702 | D:3      | Found the +3 salamander hide armour {Flames rF++ rC--}
  6302 | D:3      | Reached skill level 4 in Spellcasting
  6524 | D:4      | Noticed a black bear
  6528 | D:4      | Reached XP level 6. HP: 40/40 MP: 0/0
  6531 | D:4      | Killed a black bear
  6609 | D:4      | Found a white marble altar of Elyvilon.
  6626 | D:4      | Noticed a black bear
  6632 | D:4      | Killed a black bear
  6633 | D:4      | Reached XP level 7. HP: 31/45 MP: 0/0
  6633 | D:4      | Learned a level 2 spell: Call Imp
  6886 | D:4      | Found a glowing golden altar of the Shining One.
  7044 | D:4      | Found a runed translucent door.
  7045 | D:4      | Noticed Crazy Yiuf
  7324 | D:4      | Killed Crazy Yiuf
  7325 | D:4      | Reached skill level 5 in Spellcasting
  7408 | D:5      | Entered Level 5 of the Dungeon
  7429 | D:5      | Reached skill level 1 in Armour
  7435 | D:5      | Reached XP level 8. HP: 38/50 MP: 0/0
  7649 | D:5      | Found a stormy altar of Qazlal.
  7725 | D:5      | Found a staircase to the Ecumenical Temple.
  7755 | Temple   | Entered the Ecumenical Temple
  7774 | Temple   | Became a worshipper of Ashenzari the Shackled
  8364 | D:6      | Reached skill level 6 in Spellcasting
  8533 | D:6      | Reached XP level 9. HP: 41/55 MP: 0/0
  8533 | D:6      | Learned a level 3 spell: Summon Guardian Golem
  9033 | D:6      | Reached skill level 5 in Dodging
  9225 | D:7      | Noticed Prince Ribbit
  9235 | D:7      | Killed Prince Ribbit
  9236 | D:7      | Reached skill level 5 in Stealth
  9236 | D:7      | Reached skill level 7 in Spellcasting
  9603 | D:7      | Noticed a troll
  9604 | D:7      | Noticed a deep elf pyromancer
  9604 | D:7      | Noticed a boulder beetle
  9611 | D:7      | Killed a troll
  9621 | D:7      | Reached XP level 10. HP: 31/60 MP: 0/0
 10048 | D:7      | Reached skill level 8 in Spellcasting
 10357 | D:7      | Killed a boulder beetle
 10358 | D:7      | Reached skill level 5 in Armour
 10780 | D:7      | Killed a deep elf pyromancer
 10781 | D:7      | Reached skill level 1 in Polearms
 11365 | D:7      | Found a runed translucent door.
 11368 | D:7      | Noticed BuddhaDhamma's ghost (novice MiBe)
 11379 | D:7      | Reached skill level 1 in Fighting
 11384 | D:7      | Killed BuddhaDhamma's ghost
 11385 | D:7      | Reached skill level 9 in Spellcasting
 11671 | D:8      | Reached skill level 1 in Shields
 11671 | D:8      | Reached XP level 11. HP: 67/67 MP: 0/0
 11671 | D:8      | Learned a level 5 spell: Freezing Cloud
 11794 | D:8      | Found Jyofeh's Distillery.
 11797 | D:8      | Noticed Amaemon
 11809 | D:8      | Killed Amaemon
 12211 | D:8      | Bought a potion of degeneration for 11 gold pieces
 12211 | D:8      | Bought a potion of heal wounds for 55 gold pieces
 12211 | D:8      | Bought a potion of cancellation for 88 gold pieces
 12211 | D:8      | Bought a potion of lignification for 33 gold pieces
 12211 | D:8      | Bought a potion of flight for 33 gold pieces
 12211 | D:8      | Bought a potion of attraction for 33 gold pieces
 12211 | D:8      | Bought a potion of haste for 110 gold pieces
 12322 | D:8      | Found a shimmering altar of Xom.
 12970 | D:8      | Found an iron altar of Okawaru.
 13507 | D:9      | Noticed a two-headed ogre
 13531 | D:9      | Killed a two-headed ogre
 13685 | D:9      | Reached skill level 10 in Spellcasting
 13992 | D:8      | Identified a scroll of acquirement
 14002 | D:10     | Entered Level 10 of the Dungeon
 14015 | D:10     | Reached XP level 12. HP: 45/76 MP: 0/0
 14435 | D:11     | Noticed a death knight
 14435 | D:11     | Noticed a skeletal warrior
 14435 | D:11     | Noticed a boulder beetle
 14435 | D:11     | Noticed a boulder beetle
 14452 | D:10     | Noticed Nergalle
 14461 | D:10     | Killed Nergalle
 14949 | D:9      | Found a runed translucent gate.
 14988 | D:9      | Found a runed translucent gate.
 14988 | D:9      | Found a runed translucent gate.
 15010 | D:9      | Found an opulent altar of Gozag.
 15011 | D:9      | Noticed a two-headed ogre
 15012 | D:9      | Noticed croobank's ghost (novice OpDe)
 15399 | D:9      | Found a staircase to the Lair.
 15708 | D:9      | Killed croobank's ghost
 15708 | D:9      | Killed a two-headed ogre
 15709 | D:9      | Reached skill level 5 in Shields
 15709 | D:9      | Reached skill level 11 in Spellcasting
 16034 | Lair:1   | Entered Level 1 of the Lair of Beasts
 16126 | Lair:1   | Noticed Maggie
 16137 | Lair:1   | Killed Maggie
 16227 | Lair:1   | Reached XP level 13. HP: 49/83 MP: 0/0
 16227 | Lair:1   | Learned a level 5 spell: Lightning Bolt
 16233 | Lair:1   | Noticed a catoblepas
 16261 | Lair:1   | Killed a catoblepas
 16786 | Lair:1   | Reached * piety under Ashenzari
 16897 | Lair:1   | Reached ** piety under Ashenzari
 17302 | Lair:2   | Found a runed translucent gate.
 17303 | Lair:2   | Found a runed translucent gate.
 17304 | Lair:2   | Found a runed translucent gate.
 17304 | Lair:2   | Noticed Seidenschwarz's ghost (journeyman MiFi)
 17304 | Lair:2   | Identified the +2 long sword of Poverty {freeze, *Corrode
                  | rF+ Dex+4 Stlth+}
 17755 | Lair:2   | Noticed a ten-headed hydra
 17790 | Lair:2   | Found a staircase to the Shoals.
 17823 | Lair:2   | Reached skill level 12 in Spellcasting
 18528 | Lair:2   | Noticed an eight-headed hydra
 18535 | Lair:2   | Killed an eight-headed hydra
 18745 | Lair:2   | Noticed a catoblepas
 18745 | Lair:2   | Noticed a dire elephant
 18745 | Lair:2   | Identified the Incunabulum of Fetching Adjuration
 18767 | Lair:2   | Found a runed translucent door.
 19212 | Lair:2   | Killed a dire elephant
 19420 | Lair:2   | Killed a catoblepas
 19921 | Lair:2   | Killed a ten-headed hydra
 19932 | Lair:2   | Killed Seidenschwarz's ghost
 20262 | Lair:3   | Found a staircase to the Snake Pit.
 20473 | Lair:3   | Reached *** piety under Ashenzari
 20689 | Lair:3   | Noticed Sonja
 20694 | Lair:3   | Killed Sonja
 20787 | Lair:3   | Reached XP level 14. HP: 44/93 MP: 0/0
 21109 | Lair:3   | Noticed Josephine
 21119 | Lair:3   | Killed Josephine
 21906 | Lair:4   | Reached skill level 10 in Dodging
 22063 | Lair:4   | Reached skill level 13 in Spellcasting
 22071 | Lair:4   | Reached skill level 10 in Shields
 22336 | Lair:4   | Identified the +5 flail "Beng" {freeze, rPois rN+}
 23111 | Lair:4   | Identified the +7 shortbow "Buocod" {freeze, +Blink rElec
                  | MP+9 Str+4}
 24113 | Lair:5   | Entered Level 5 of the Lair of Beasts
 24129 | Lair:5   | Reached skill level 5 in Fighting
 24370 | Lair:5   | Found a runed translucent door.
 24374 | Lair:5   | Noticed bmack86's ghost (journeyman MiFi)
 24511 | Lair:5   | Noticed Rupert
 24526 | Lair:5   | Killed Rupert
 24527 | Lair:5   | Reached XP level 15. HP: 65/100 MP: 0/0
 24527 | Lair:5   | Learned a level 6 spell: Dispersal
 24543 | Lair:5   | Found a viscous altar of Jiyva.
 24543 | Lair:5   | Found a staircase to the Slime Pits.
 24951 | Lair:5   | Killed bmack86's ghost
 25030 | Lair:5   | Reached skill level 14 in Spellcasting
 25030 | Lair:5   | Reached XP level 16. HP: 110/110 MP: 0/0
 25586 | Lair:5   | Found a shimmering altar of Xom.
 26257 | Slime:1  | Entered Level 1 of the Pits of Slime
 26257 | Slime:1  | Noticed an acid blob
 26267 | Slime:1  | Killed an acid blob
 26318 | Slime:1  | Noticed an acid blob
 26693 | Shoals:1 | Entered Level 1 of the Shoals
 27581 | Shoals:1 | Reached skill level 15 in Spellcasting
 28547 | Shoals:2 | Reached XP level 17. HP: 56/115 MP: 0/0
 28547 | Shoals:2 | Learned a level 6 spell: Starburst
 28681 | Shoals:2 | Noticed a kraken
 28690 | Shoals:2 | Killed a kraken
 29519 | Shoals:3 | Reached **** piety under Ashenzari
 30151 | Shoals:3 | Reached skill level 16 in Spellcasting
 30539 | Shoals:4 | Entered Level 4 of the Shoals
 30539 | Shoals:4 | Noticed Mara
 30546 | Shoals:4 | Noticed Mlioglotl
 30550 | Shoals:4 | Noticed unlimited1921's illusion
 30556 | Shoals:3 | Noticed a tentacled starspawn
 30561 | Shoals:3 | Killed Mlioglotl
 31425 | Shoals:4 | Paralysed by an air elemental for 1 turns
 32434 | Shoals:4 | Reached skill level 17 in Spellcasting
 32691 | Shoals:4 | Acquired the +0 pair of gloves of the Endless Expanse
                  | {Will+ rCorr}
 32725 | Shoals:4 | Reached XP level 18. HP: 114/123 MP: 0/0
 32758 | Shoals:4 | Noticed Kirke
 32765 | Shoals:4 | Killed Kirke
 32971 | Shoals:4 | Identified the +6 short sword "Odorooc" {vorpal, Fragile
                  | Str+5 Int+6}
 33046 | Shoals:4 | Acquired a manual of Armour
 34090 | Shoals:4 | Got a barnacled rune of Zot
 34144 | Shoals:4 | Noticed unlimited1921's illusion
 34281 | Shoals:4 | Noticed unlimited1921's illusion
 34286 | Shoals:4 | Noticed unlimited1921's illusion
 34361 | Shoals:4 | Killed Mara
 35531 | D:10     | Noticed Joseph
 35541 | D:10     | Killed Joseph
 35810 | D:10     | Reached skill level 18 in Spellcasting
 36311 | D:11     | Found a staircase to the Orcish Mines.
 36717 | D:11     | Found Lezoinn's Armour Boutique.
 37220 | D:11     | Identified the +4 war axe of the Pillar {freeze, rElec
                  | Int+7}
 37856 | D:12     | Found Zodim's General Store.
 37875 | D:12     | Bought a +1 kite shield of protection for 198 gold pieces
 37889 | D:12     | Found Limuy's Assorted Antiques.
 37907 | D:12     | Bought a scroll of blinking for 262 gold pieces
 37907 | D:12     | Bought a potion of curing for 105 gold pieces
 37907 | D:12     | Bought a potion of mutation for 280 gold pieces
 37907 | D:12     | Bought a glowing hat for 245 gold pieces
 37921 | D:12     | Found a basalt altar of Yredelemnul.
 37947 | D:12     | Reached ***** piety under Ashenzari
 37982 | D:12     | Found Uddiu's Antique Weapon Shop.
 38033 | D:12     | Found Featonta's Armour Emporium.
 38267 | D:13     | Found a runed translucent gate.
 38267 | D:13     | Found a runed translucent gate.
 38471 | D:13     | Found a runed translucent gate.
 38473 | D:13     | Noticed rabin's ghost (journeyman TrBe)
 38485 | D:13     | Identified the +5 scale mail of Tyecyast {rN+ Regen+ MP+9
                  | SInv}
 38593 | D:13     | Noticed Urug
 38601 | D:13     | Killed Urug
 38727 | D:13     | Found a gate to the Vaults.
 38736 | Vaults:1 | Entered Level 1 of the Vaults
 39026 | Vaults:1 | Reached XP level 19. HP: 124/133 MP: 0/0
 39026 | Vaults:1 | Learned a level 7 spell: Dragon Form
 39544 | Vaults:1 | Identified the cursed +3 spear of Ashenzari's Soothsayer
                  | {vamp, Cun, Melee} (You took it off a gnoll sergeant on
                  | level 7 of the Dungeon)
 39544 | Vaults:1 | Identified the cursed +2 cloak "Enlightened Sybil" {Cun,
                  | Melee} (You took it off Crazy Yiuf on level 4 of the
                  | Dungeon)
 39544 | Vaults:1 | Identified the cursed +2 hat "Cursed Existentialism" {Fort,
                  | Self} (You bought it in a shop on level 12 of the Dungeon)
 39544 | Vaults:1 | Identified the cursed +5 kite shield of the Chained Heresy
                  | {Self, Fort} (You took it off a gnoll sergeant on level 7
                  | of the Dungeon)
 39688 | Vaults:1 | Reached skill level 1 in Unarmed Combat
 39912 | Vaults:1 | Noticed a lich
 39956 | Vaults:1 | Killed a lich
 41796 | Vaults:2 | Reached skill level 19 in Spellcasting
 43299 | Vaults:2 | Found Mobb's Jewellery Emporium.
 46266 | Vaults:3 | Reached XP level 20. HP: 120/140 MP: 0/0
 46945 | Vaults:3 | Reached skill level 20 in Spellcasting
 49044 | Vaults:3 | Found a basalt altar of Yredelemnul.
 49052 | Vaults:3 | Found a staircase to the Crypt.
 49652 | Vaults:3 | Gained mutation: You are agile. (Dex +4, Str/Int -1)
                  | [potion of mutation]
 49652 | Vaults:3 | Lost mutation: You are agile. (Dex +4, Str/Int -1) [potion
                  | of mutation]
 49652 | Vaults:3 | Gained mutation: You are strong-willed. (Will+) [potion of
                  | mutation]
 49653 | Vaults:3 | Lost mutation: You are strong-willed. (Will+) [potion of
                  | mutation]
 49653 | Vaults:3 | Gained mutation: Your spells are a little easier to cast,
                  | but a little less powerful. [potion of mutation]
 49653 | Vaults:3 | Gained mutation: You have a pair of small horns on your
                  | head. [potion of mutation]
 49654 | Vaults:3 | Lost mutation: You have a pair of small horns on your head.
                  | [potion of mutation]
 49654 | Vaults:3 | Lost mutation: Your spells are a little easier to cast, but
                  | a little less powerful. [potion of mutation]
 49654 | Vaults:3 | Gained mutation: You are weak. (Str -2) [potion of
                  | mutation]
 49654 | Vaults:3 | Gained mutation: You are partially covered in iridescent
                  | scales. (AC +2) [potion of mutation]
 50539 | Vaults:4 | Reached skill level 21 in Spellcasting
 50539 | Vaults:4 | Reached XP level 21. HP: 129/146 MP: 0/0
 50539 | Vaults:4 | Learned a level 8 spell: Borgnjor's Revivification
 51501 | Vaults:4 | Reached skill level 15 in Shields
 51758 | Vaults:4 | Identified Gaikk's Vellum of Ice and the Gathering
 52067 | Vaults:5 | Entered Level 5 of the Vaults
 53189 | Vaults:4 | Reached skill level 15 in Dodging
 54200 | Vaults:4 | Paralysed by a sphinx for 5 turns
 54290 | Vaults:5 | Reached skill level 22 in Spellcasting
 54776 | Vaults:4 | Reached ****** piety under Ashenzari
 54936 | Vaults:5 | Noticed a dread lich
 55084 | Vaults:5 | Reached XP level 22. HP: 140/150 MP: 0/0
 55087 | Vaults:5 | Killed a dread lich
 55897 | Vaults:5 | Noticed a golden dragon
 56711 | Vaults:5 | Killed a golden dragon
 56882 | Vaults:5 | Identified the +1 plate armour "Huigy" {rElec Will- rCorr}
 56925 | Vaults:5 | Reached skill level 1 in Evocations
 58365 | Vaults:5 | Identified the +0 pair of gloves of Perfidy {+Inv Str+2
                  | Dex+3}
 58561 | Vaults:5 | Identified the +8 demon blade of Invincibility {venom,
                  | +Blink Fly Int+7}
 58572 | Vaults:5 | Got a silver rune of Zot
 59867 | Crypt:1  | Entered Level 1 of the Crypt
 60057 | Crypt:1  | Reached skill level 23 in Spellcasting
 60436 | Crypt:1  | Reached XP level 23. HP: 140/156 MP: 0/0
 60436 | Crypt:1  | Learned a level 7 spell: Malign Gateway
 61199 | Crypt:1  | Identified Sif Muna's Tome of Vitiation and the Impact
 61201 | Crypt:1  | Identified the +1 arbalest of Tumult {elec, rF- rC- rCorr
                  | Int+6}
 61251 | Crypt:1  | Noticed a royal mummy
 61397 | Crypt:1  | Noticed a royal mummy
 61425 | Crypt:1  | Identified the ring of Nemelex Xobeh's Esteem {rC+ Str+6
                  | Int+5 Dex+2}
 63053 | Crypt:2  | Reached skill level 10 in Armour
 63755 | Crypt:2  | Acquired a manual of Fighting
 63779 | Crypt:3  | Entered Level 3 of the Crypt
 64538 | Crypt:3  | Reached skill level 5 in Evocations
 64626 | Crypt:3  | Found a staircase to the Tomb.
 65127 | Crypt:3  | Reached XP level 24. HP: 144/166 MP: 0/0
 65607 | Crypt:3  | Noticed an ancient lich
 65613 | Crypt:3  | Killed an ancient lich
 65614 | Crypt:3  | Reached skill level 10 in Fighting
 65774 | Crypt:3  | Identified the +8 hand crossbow "Katzulonidd" {penet, Will+
                  | Str+3}
 65851 | Crypt:3  | Identified the +2 ring mail of Ennui {rPois Regen+ SInv}
 66891 | Tomb:1   | Entered Level 1 of the Tomb of the Ancients
 67064 | Tomb:1   | Noticed a royal mummy
 67065 | Tomb:1   | Noticed a royal mummy
 67065 | Tomb:1   | Noticed a royal mummy
 67288 | Tomb:1   | Reached skill level 10 in Stealth
 67317 | Tomb:1   | Noticed a royal mummy
 67353 | Tomb:1   | Noticed a royal mummy
 67362 | Tomb:1   | Noticed a royal mummy
 67364 | Tomb:1   | Noticed a royal mummy
 67365 | Tomb:1   | Noticed a royal mummy
 67394 | Tomb:1   | Noticed a royal mummy
 67609 | Tomb:1   | Noticed a royal mummy
 67661 | Tomb:1   | Noticed a royal mummy
 67727 | Tomb:1   | Noticed a royal mummy
 67742 | Tomb:1   | Noticed a royal mummy
 67744 | Tomb:1   | Noticed a royal mummy
 67888 | Tomb:1   | Killed a royal mummy
 68357 | Tomb:1   | Noticed Boris
 68585 | Tomb:1   | Killed Boris
 68803 | Tomb:1   | Noticed a royal mummy
 68825 | Tomb:1   | Noticed a royal mummy
 68919 | Tomb:1   | Gained mutation: You occasionally shout uncontrollably at
                  | your foes. [mutagenic glow]
 68939 | Tomb:1   | Gained mutation: You have hidden genetic potential.
                  | [mutagenic glow]
 69323 | Tomb:2   | Noticed a royal mummy
 69323 | Tomb:2   | Noticed a royal mummy
 69325 | Tomb:2   | Noticed a royal mummy
 69328 | Tomb:2   | Noticed a royal mummy
 69365 | Tomb:2   | Killed a royal mummy
 69371 | Tomb:2   | Killed a royal mummy
 69375 | Tomb:2   | Killed from afar by a royal mummy

Illustrated notes

Levels and vault maps discovered:
D:1:      ldierk_walled_garden_2, layout_rooms, minmay_hexomino_u4
D:2:      layout_basic, basic_ecumenical_altar, basic_altar,
          serial_park_tiny_pond
D:3:      corexii_shack_village, layout_basic,
          nicolae_kikubaaqudgha_miasma_corner, uniq_natasha
D:4:      layout_basic, nicolae_tso_besieged_by_evil,
          mainiacjoe_overflow_surrounded_room, uniq_crazy_yiuf_cottage
D:5:      layout_rooms, grunt_qazlal_sundering, minmay_temple_entry_large_hall
D:6:      layout_gridville
D:7:      minmay_the_grid_octo_tiled_squarecenter
          [minmay_the_grid_octo_concentric, minmay_the_grid_octo_clover,
          minmay_the_grid_octo_teeth, minmay_the_grid_octo_vomiting_pacman,
          minmay_the_grid_square_5x5_megaprize_hollow,
          minmay_the_grid_square_5x5_detours, minmay_the_grid_square_5x5_six,
          minmay_the_grid_square_5x5_bracketed,
          minmay_the_grid_square_5x5_fancy_junction], layout_rooms,
          ebering_ghost_inner_flame, enter_bailey_3, nicolae_water_bricks,
          uniq_prince_ribbit1
D:8:      layout_basic, led_sif_pool, vehumet_altar_wand_db,
          kennysheep_okawaru_gauntlet, mainiacjoe_overflow_boulevard,
          serial_shops, nicolae_stop_n_shop_1, uniq_amaemon
D:9:      layout_rooms, due_lair_maze_entry_diamond, ebering_ghost_gozag,
          kennysheep_generic_room_13
D:10:     layout_roguey, eino_jars, uniq_joseph, uniq_nergalle
D:11:     minmay_ambush_box, layout_basic, orc_david_3, serial_shops,
          kennysheep_mini, hangedman_incinerator
D:12:     layout_rooms, serial_shops, shop, nicolae_shop_behind_doors,
          nicolae_shop_statue_plus, shop_fountains, yredelemnul_altar_generic
D:13:     layout_big_octagon, david_vaults_1, gammafunk_ghost_split, uniq_urug
Temple:   nicolae_temple_superstar
Lair:1:   layout_long_grid, serial_bayou_lagoon_a, beast_lair_carwin_2,
          uniq_maggie
Lair:2:   gammafunk_lair_enchanted_lake, layout_gridlike,
          minmay_shoals_entry_beasts, gammafunk_ghost_hydra_chop,
          hibernation_bobbens, serial_bayou_shore_a
Lair:3:   layout_regular_city, guppyfry_snake_entry_island, uniq_josephine,
          uniq_sonja
Lair:4:   layout_cave_pods, wad_woods_road_03, minmay_lair_drake_nest
Lair:5:   grunt_lair_end_beastmaster, layout_cave_pods,
          nicolae_slime_entry_slimehenge, hellmonk_ghost_happy_afterlife,
          basic_altar, uniq_rupert
Shoals:1: cheibrodos_shoals_roost, layout_shoals
Shoals:2: layout_shoals
Shoals:3: layout_shoals
Shoals:4: shoals_end_hellmonk_storm_palace [storm_palace_center_circular,
          storm_palace_corner_pillars, storm_palace_corner_reverse_hut,
          storm_palace_corner_grid, storm_palace_corner_pillars],
          uniq_mlioglotl, uniq_kirke, uniq_mara
Slime:1:  cheibrodos_slime_lost_civilization_10, layout_caves
Vaults:1: vaults_room_corners, v_misc_33, st_check, v_misc_29,
          nicolae_vaults_angled_halls, v_misc_22, v_misc_8, vaults_dpeg_doors,
          nicolae_vaults_little_squares_6, vaults_room_corners,
          vaults_room_door_hall, v_misc_18, vaults_mumra_chevron,
          nicolae_vaults_little_squares_1, vaults_dpeg_encased_lava,
          layout_vaults_omnibox
Vaults:2: vaults_dpeg_spiral, nicolae_vaults_network_barrier,
          grunt_vaults_diagonal, vaults_standard_mumra_x,
          vaults_room_stairs_pillars, nicolae_vaults_circle_grid_a,
          ontoclasm_vaults_claustrophobia, nicolae_vaults_ring_of_whatevers,
          ontoclasm_vaults_gateway, vaults_room_grid, v_rooms_5,
          vaults_room_pools, layout_vaults_omnigrid, serial_shops,
          shop_fountains
Vaults:3: v_misc_10, v_alt_pattern_2, nicolae_vaults_mini_display_case,
          nicolae_vaults_network_square, vaults_mumra_bighexcomb,
          nicolae_vaults_yaktaur_gun_rack, v_misc_8, v_rooms_1,
          nicolae_vaults_rhombus_5, minmay_crypt_entry_necro_gods,
          vaults_room_semicircle, layout_vaults_omnicross
Vaults:4: v_rooms_6, v_misc_4, grunt_vaults_trifunnel,
          vaults_standard_mumra_enter_the_diamond, st_smaller_cells,
          hangedman_vaults_nodes, grunt_vaults_funnel,
          nicolae_vaults_shelves_hall, nicolae_vaults_little_squares_5,
          layout_vaults_chaotic_city
Vaults:5
Crypt:1:  layout_misc_corridors, st_burial_chamber
Crypt:2:  cheibrodos_crypt_down_in_the_bonehoard, layout_misc_corridors
Crypt:3:  church_of_pain_bobbens, layout_chaotic_city
Tomb:1:   uniq_boris
Tomb:2

Skill      XL: |  1  2  3  4  5  6  7  8  9 10 11 12 13 14 15 16 17 18 19 20 21 22 23 24 |
---------------+-------------------------------------------------------------------------+-----
Spellcasting   | 3 4 5 6 7 9 10 11 12 13 14 15 17 18 19 21 22 23 | 23.0
Stealth        | 2 3 4 5 6 7 8 9 10 | 10.1
Dodging        | 3 4 6 7 8 9 10 11 12 13 14 15 16 17 18 | 18.3
Armour         | 1 2 4 5 6 7 8 10 11 | 11.9
Polearms       | 1 2 |  2.5
Fighting       | 1 3 4 5 6 7 9 11 | 11.1
Shields        | 1 4 6 9 11 12 13 14 15 16 17 18 | 18.9
Unarmed Combat | 1 |  1.9
Evocations     | 2 5 6 |  6.6

Action                   |  1- 3 |  4- 6 |  7- 9 | 10-12 | 13-15 | 16-18 | 19-21 | 22-24 || total
-------------------------+-------+-------+-------+-------+-------+-------+-------+-------++-------
Melee: Hand axe          |     7 |       |     4 |       |       |       |       |       ||    11
       Punch             |       |       |     1 |       |       |       |       |       ||     1
       Trident           |       |       |     1 |    18 |       |       |       |       ||    19
       Spear             |       |       |       |    82 |   173 |   183 |   190 |   364 ||   992
       Unarmed           |       |       |       |       |       |       |    14 |       ||    14
       Tailslap          |       |       |       |       |       |       |     2 |       ||     2
       Bite              |       |       |       |       |       |       |     1 |       ||     1
 Cast: Foxfire           |    83 |    30 |    37 |    22 |    53 |   109 |    30 |    52 ||   416
       Scorch            |     3 |     4 |    10 |    11 |    28 |    31 |    20 |    19 ||   126
       Inner Flame       |     3 |       |    11 |    23 |    41 |    52 |    86 |   183 ||   399
       Call Imp          |       |       |     2 |     8 |    11 |    35 |    44 |    23 ||   123
       Conjure Flame     |       |       |     1 |     2 |     2 |     1 |     4 |     3 ||    13
       Summon Guardian G |       |       |     2 |    16 |    15 |    51 |    75 |    41 ||   200
       Freezing Cloud    |       |       |       |     9 |    26 |   191 |   142 |   145 ||   513
       Lightning Bolt    |       |       |       |       |    30 |    99 |    48 |    90 ||   267
       Ensorcelled Hiber |       |       |       |       |     1 |     2 |       |       ||     3
       Flame Wave        |       |       |       |       |     1 |     2 |       |       ||     3
       Dispersal         |       |       |       |       |     1 |     5 |     7 |    36 ||    49
       Shock             |       |       |       |       |       |     1 |     1 |     1 ||     3
       Starburst         |       |       |       |       |       |    88 |   147 |   273 ||   508
       Dragon Form       |       |       |       |       |       |       |     2 |       ||     2
       Borgnjor's Revivi |       |       |       |       |       |       |     1 |     2 ||     3
       Malign Gateway    |       |       |       |       |       |       |       |    21 ||    21
Invok: Curse Item        |       |       |       |     1 |     4 |     2 |     2 |       ||     9
Evoke: Wand              |       |       |       |       |       |     5 |     7 |       ||    12
  Use: Scroll            |       |       |     1 |     7 |     7 |     7 |     4 |     9 ||    35
       Potion            |       |       |       |     2 |     4 |    10 |     5 |     4 ||    25
 Stab: Sleeping          |     1 |       |       |     1 |     1 |     7 |       |     2 ||    12
       Distracted        |       |       |       |     2 |     1 |     1 |       |     1 ||     5
Armor: Robe              |     2 |       |       |       |       |       |       |       ||     2
       Leather armour    |       |     4 |     6 |    30 |    27 |    38 |    43 |    46 ||   194
       Skin              |       |       |       |       |       |       |     5 |       ||     5
Dodge: Dodged            |     6 |     5 |    26 |    38 |    83 |   163 |   252 |   271 ||   844
Block: Kite shield       |       |       |       |    68 |   190 |   356 |   373 |   502 ||  1489
       Reflection        |       |       |       |       |     6 |       |       |       ||     6
